 Dungeon Crawl Stone Soup version 0.31-a0-187-gba352fbbf7 (webtiles) character file.

Game seed: 11713866697245184440

79 qw the Shooter (level 4, -4/25 HPs)
             Began as a Deep Elf Hunter on June 22, 2023.
             Slain by Grinder (7 damage)
             ... on level 3 of the Dungeon.
             The game lasted 00:00:44 (1541 turns).

qw the Shooter (Deep Elf Hunter)                    Turns: 1541, Time: 00:00:44

Health: -4/25      AC:  7    Str: 10    XL:     4   Next: 17%
Magic:  6/6        EV:  9    Int: 14    God:
Gold:   142        SH:  0    Dex: 24    Spells: 3/3 levels left

rFire   . . .        Y - +1 shortbow
rCold   . . .        (shield currently unavailable)
rNeg    . . .        e - +0 scale mail
rPois   .            (no helmet)
rElec   .            j - +0 cloak
rCorr   +            (no gloves)
SInv    .            (no boots)
Will    .....        (no amulet)
Stlth   +            i - +6 ring of dexterity
HPRegen 0.24/turn    d - ring of resist corrosion
MPRegen 0.10/turn

%: no passive effects
@: about to teleport
A: no striking features
a: no special abilities


You were on level 3 of the Dungeon.
You visited 1 branch of the dungeon, and saw 3 of its levels.

You collected 142 gold pieces.


   Skills:
 - Level 1.5 Fighting
 + Level 7.6 Ranged Weapons
 - Level 2.4 Dodging
 - Level 1.2 Stealth


You had 3 spell levels left.
You didn't know any spells.
Your spell library was empty.

Inventory:

Hand Weapons
 Y - a +1 shortbow (weapon)
Armour
 e - a +0 scale mail (worn)
 j - a +0 cloak (worn)
Jewellery
 d - a ring of resist corrosion (right hand)
 i - a +6 ring of dexterity (left hand)
Scrolls
 c - a scroll of identify
Potions
 a - a potion of curing
 f - a potion of might
 g - a potion of attraction {unknown}

Dungeon Overview and Level Annotations

Branches:
Dungeon (3/15)

Altars:
Ashenzari

Shops:
D:1 (

Annotations:
D:3 Grinder


Message History

Enter note:
Enter note:
Enter note:
Enter note:
Enter note:
Enter note:
Enter note:
There is a stone staircase leading down here.
Done exploring.
(D) Dungeon
Where to? (* - list waypoints, Enter - D:3, ? - help)
What level of the Dungeon? (default 1, ? - help)
You climb downwards.
There is a stone staircase leading up here.
Waypoint 2 assigned to D:3.
A kobold comes into view. It is wielding a +0 club.
You shoot an arrow. The arrow hits the kobold.
You kill the kobold!
Found a broken altar of Ashenzari.
a - a potion of curing You open the door.
Grinder comes into view.
Grinder shouts!
You shoot an arrow. The arrow hits Grinder.
Grinder is lightly wounded.
You shoot an arrow. The arrow hits Grinder!
Grinder is moderately wounded.
Grinder hits you!
You writhe in agony.
Grinder hits you.
You shoot an arrow. The arrow closely misses Grinder.
Grinder says, "DUCK!"
Grinder gestures at you. You resist with significant effort.
You shoot an arrow. The arrow hits Grinder!
Grinder is heavily wounded.
Grinder hits you.
You writhe in agony.
1541 ||| READING scroll of teleportation.
As you read the scroll of teleportation, it crumbles to dust.
You feel strangely unstable. Grinder hits you!
You die...

### ..# #### #.# ##....#
#.# ...#.# #.#
#..#.########5##
#..#.........@.#
#.........#....######
#.........#..........
#####........#....######
...<.........#....#
######.......#....#
####.#..#....##
#...#..#.....#
#.###....###.#


You could see Grinder.

Vanquished Creatures
  Jessica (D:2)
  An adder (D:2)
  A worm (D:2)
  3 ball pythons
  A bat (D:2)
  3 endoplasms
  2 giant cockroaches
  6 hobgoblins
  4 jackals (D:1)
  3 quokkas
  6 frilled lizards
  3 goblins
  3 kobolds
  2 rats (D:1)
39 creatures vanquished.

Notes
Turn   | Place    | Note
-------+----------+-------------------------------------------
     0 | D:1      | qw the Deep Elf Hunter began the quest for the Orb.
     0 | D:1      | Reached XP level 1. HP: 12/12 MP: 3/3
     0 | D:1      | 0 ||| qw: Version: 0.3-a-9-g12657ce
     0 | D:1      | 0 ||| qw: Game counter: 2476
     0 | D:1      | 0 ||| qw: Always use a shield: true
     0 | D:1      | 0 ||| qw: God list: Okawaru
     0 | D:1      | 0 ||| qw: Allow faded altars: false
     0 | D:1      | 0 ||| qw: Do Orc after D:15 true
     0 | D:1      | 0 ||| qw: Do second Lair branch before Depths: true
     0 | D:1      | 0 ||| qw: Lair rune preference: random
     0 | D:1      | 0 ||| qw: Plans: Normal
     0 | D:1      | 0 ||| PLANNING D:1-11
   234 | D:1      | Reached XP level 2. HP: 16/16 MP: 4/4
   239 | D:1      | Reached skill level 6 in Ranged Weapons
   570 | D:1      | Found Jupifati's Weapon Boutique.
   599 | D:1      | 599 ||| FLEEEEING.
   600 | D:1      | 600 ||| FLEEEEING.
   601 | D:1      | 601 ||| FLEEEEING.
   602 | D:1      | 602 ||| FLEEEEING.
   603 | D:1      | 603 ||| FLEEEEING.
   604 | D:1      | 604 ||| FLEEEEING.
   605 | D:1      | 605 ||| FLEEEEING.
   608 | D:1      | 608 ||| FLEEEEING.
   609 | D:1      | 609 ||| FLEEEEING.
   612 | D:1      | 612 ||| FLEEEEING.
   613 | D:1      | 613 ||| FLEEEEING.
   841 | D:1      | 841 ||| UPGRADING to +0 scale mail.
   851 | D:1      | 851 ||| DROPPING +0 leather armour.
   852 | D:1      | 852 ||| UPGRADING to +6 ring of dexterity.
   853 | D:1      | 853 ||| READING scroll labelled TAFFYST DOETH.
   856 | D:1      | 856 ||| READING scroll labelled KUAGHI TEGG.
   857 | D:1      | 857 ||| READING scroll labelled YLONAMPOFY.
   858 | D:1      | 858 ||| READING scroll labelled AFOAQE OPLUFO.
   859 | D:1      | 859 ||| DROPPING scroll of butterflies.
   919 | D:2      | Reached XP level 3. HP: 20/20 MP: 5/5
   975 | D:2      | Reached skill level 7 in Ranged Weapons
  1138 | D:2      | Noticed Jessica
  1146 | D:2      | Killed Jessica
  1147 | D:2      | Reached XP level 4. HP: 13/25 MP: 6/6
  1407 | D:2      | 1407 ||| UPGRADING to +0 cloak.
  1412 | D:2      | 1412 ||| UPGRADING to ring of resist corrosion.
  1413 | D:2      | 1413 ||| READING scroll labelled FUZYUZI OCVYOB.
  1414 | D:2      | 1414 ||| READING scroll labelled JYDIYBR JAKHUXECS.
  1415 | D:2      | 1415 ||| READING 2 scrolls labelled CIHETANWEI.
  1416 | D:2      | 1416 ||| READING scroll labelled TOXTERAPLI.
  1417 | D:2      | 1417 ||| DRINKING 2 golden potions.
  1418 | D:2      | 1418 ||| READING 2 scrolls of identify.
  1418 | D:2      | 1418 ||| IDENTIFYING yellow potion
  1419 | D:2      | 1419 ||| DROPPING scroll of revelation.
  1421 | D:2      | 1421 ||| Stepping ~*~*~tactically~*~*~ (cloud).
  1422 | D:2      | 1422 ||| DRINKING potion of curing.
  1422 | D:2      | 1422 ||| (to cure poison)
  1523 | D:3      | Found a broken altar of Ashenzari.
  1536 | D:3      | Noticed Grinder
  1540 | D:3      | HP: 3/25 [Grinder (5)]
  1541 | D:3      | 1541 ||| READING scroll of teleportation.
  1541 | D:3      | Slain by Grinder

Levels and vault maps discovered:
D:1:      dpeg_arrival_water_fire, layout_loops_ring, serial_shops, shop
D:2:      layout_rooms, serial_bayou_lake_a, uniq_jessica
D:3:      layout_basic, beargit_hepliaklqana_dungeon_heroes,
          cheibrodos_ashenzari_chains, nrook_uturn, uniq_grinder

Skill      XL: |  1  2  3 |
---------------+----------+-----
Ranged Weapons | 6 7 |  7.6
Fighting       | |  1.5
Dodging        | |  2.4
Stealth        | |  1.2

Action                     |  1- 3 |  4- 6 || total
---------------------------+-------+-------++-------
   Fire: Shortbow          |   102 |    24 ||   126
    Use: Scroll            |     4 |     6 ||    10
         Potion            |       |     2 ||     2
 Armour: Leather armour    |    10 |       ||    10
         Scale mail        |     1 |       ||     1
  Dodge: Dodged            |    26 |       ||    26

Table legend:
 A = Non-vault XP
 B = Vault XP
 C = Vault XP percentage of total XP
 D = Non-vault monster count
 E = Vault monster count
 F = Vault count percentage of total count
                 A         B        C        D         E       F
            +---------+---------+-------+---------+---------+-------
      Total |      77 |      37 |  32.5 |      38 |       1 |   2.6
            +---------+---------+-------+---------+---------+-------
        D:1 |      40 |       0 |   0.0 |      25 |       0 |   0.0
        D:2 |      35 |      37 |  51.4 |      12 |       1 |   7.7
        D:3 |       2 |       0 |   0.0 |       1 |       0 |   0.0
            +---------+---------+-------+---------+---------+-------
